 Dungeon Crawl Stone Soup version 0.29.0-4-gdea44cf6ec (webtiles) character file.

Game seed: 14198835663685653084

357 qw the Chopper (level 6, -7/36 HPs)
             Began as a Tengu Warper on Aug 28, 2022.
             Mangled by an iguana (8 damage)
             ... on level 4 of the Dungeon.
             The game lasted 00:00:17 (3486 turns).

qw the Chopper (Tengu Warper)                       Turns: 3486, Time: 00:00:18

Health: -7/36      AC: 12    Str: 13    XL:     6   Next: 64%
Magic:  10/10      EV:  7    Int: 14    God:
Gold:   167        SH:  0    Dex: 13    Spells: 9/9 levels left

rFire   + + .      SeeInvis .   Y - +0 hand axe
rCold   . . .      Faith    .   (no shield)
rNeg    . . .      Spirit   .   m - +3 chain mail
rPois   .          Reflect  .   (helmet restricted)
rElec   .          Harm     .   (no cloak)
rCorr   .          Rampage  .   e - +0 pair of gloves
Will    .....                   (boots unavailable)
Stlth   ..........              (no amulet)
HPRegen 0.12/turn               c - ring of protection from fire
MPRegen 0.12/turn               l - ring of protection from fire

@: flying quickly and evasively, quick
A: beak, talons 3, nimble flight
a: no special abilities


You were on level 4 of the Dungeon.
You visited 1 branch of the dungeon, and saw 4 of its levels.

You collected 167 gold pieces.


Innate Abilities, Weirdness & Mutations

You have a beak for a mouth.
You have claws for feet.
Your magical nature lets you fly swiftly and evasively.


   Skills:
 + Level 2.5 Fighting
 - Level 7.0 Axes
 - Level 1.0 Throwing
 - Level 2.0 Armour
 - Level 2.1 Dodging
 - Level 2.0 Spellcasting
 - Level 2.4 Translocations


You had 9 spell levels left.
You didn't know any spells.
Your spell library contained the following spells:

 Spells                   Type           Power      Damage    Failure   Level
 Blink                    Tloc           16%        N/A       99%         2
 Gell's Gravitas          Tloc           8%         N/A       100%        3
 Lesser Beckoning         Tloc           8%         N/A       100%        3
 Teleport Other           Tloc           8%         N/A       100%        3
 Manifold Assault         Tloc           8%         N/A       100%        5

Inventory:

Hand Weapons
 h - a +0 flail
 Y - a +0 hand axe (weapon)
Missiles
 n - 2 javelins (quivered)
 s - 6 boomerangs
Armour
 e - a +0 pair of gloves (worn)
 m - a +3 chain mail (worn)
 q - a +2 chain mail of fire resistance
Jewellery
 b - a ring of positive energy
 c - a ring of protection from fire (left hand)
 l - a ring of protection from fire (right hand)
 t - a ring of positive energy
Scrolls
 r - a scroll of identify
Potions
 a - 2 potions of curing
 d - a potion of haste {unknown}
 j - a potion of heal wounds {unknown}
 k - a potion of degeneration {unknown}
 p - a potion of might

Dungeon Overview and Level Annotations

Branches:
Dungeon (4/15)
 Temple: D:4-7

Altars:
Qazlal


Message History

As you read the scroll of teleportation, it crumbles to dust.
You feel strangely unstable. The orc hits you with a +0 flail.
The orc hits you but does no damage.
You hit the orc but do no damage. You claw the orc.
The orc is severely wounded.
You hit the orc. You barely miss the orc. You claw the orc, but do no damage.
You peck the orc.
You kill the orc!
You hit the orc but do no damage. The orc hits you but does no damage.
You barely miss the orc.
The orc is heavily wounded.
You hit the adder.
Your surroundings suddenly seem different. 3 jackals, a ball python and 2 iguanas come into view.
Found 2 poisoned darts.
Found an escape hatch in the floor.
Found a stone staircase leading down.
The iguana hisses angrily.
The jackal barks! x3
The ball python hisses angrily.
A jackal comes into view.
The jackal bites you but does no damage.
Enter note: The jackal barks!
You hit the jackal.
You kill the jackal!
You hit the jackal.
A gnoll comes into view. It is wielding a +0 spear.
The jackal bites you but does no damage.
You closely miss the jackal. You claw the jackal.
You kill the jackal!
You hit the iguana.
The iguana is lightly wounded.
You barely miss the ball python. The iguana bites you.
The ball python closely misses you. The ball python grabs you.
The ball python constricts you.
You barely miss the ball python. You claw the ball python.
You kill the ball python!
You hit the iguana. x2; You hit the jackal.
The jackal bites you. The iguana bites you!
You die...

.......##.#.#..
..............#
..........g...#
#.............#
#...........
.#.........#
##### .
...>...%l..##..
(...#..
.....hl@.....#
.......
......h......#
o.....#
...............
.# ##
.........#..#..
.##.#[##
.......##(..# .
.......#
#.....# ##...
..#...## #..##.
...
.###...###.. #.
>.. ..........


You could see 2 iguanas, a gnoll and 2 jackals.

Vanquished Creatures
  Sigmund (D:2)
  An iguana (D:4)
  Natasha (thrice) (D:3)
  4 adders
  A worm (D:2)
  A dart slug (D:2)
  3 orcs
  4 endoplasms
  2 giant cockroaches
  6 goblins
  7 hobgoblins
  2 jackals (D:4)
  3 kobolds
  A quokka (D:1)
  6 ball pythons
  2 frilled lizards (D:1)
  5 rats
52 creatures vanquished.

Notes
Turn   | Place    | Note
-------+----------+-------------------------------------------
     0 | D:1      | qw the Tengu Warper began the quest for the Orb.
     0 | D:1      | Reached XP level 1. HP: 12/12 MP: 4/4
     0 | D:1      | 0 ||| qw: Version: 0.1-a-89-g26bdef1
     0 | D:1      | 0 ||| qw: Game counter: 2988
     0 | D:1      | 0 ||| qw: Always use a shield: true
     0 | D:1      | 0 ||| qw: God list: Okawaru
     0 | D:1      | 0 ||| qw: Allow faded altars: false
     0 | D:1      | 0 ||| qw: Do Orc after D:15 true
     0 | D:1      | 0 ||| qw: Do second Lair branch before Depths: true
     0 | D:1      | 0 ||| qw: Lair rune preference: random
     0 | D:1      | 0 ||| qw: Plans: Normal
     0 | D:1      | 0 ||| PLANNING D:1-11
    55 | D:1      | 55 ||| DROPPING +0 club.
    59 | D:1      | 59 ||| Stepping ~*~*~tactically~*~*~ (stealth).
    60 | D:1      | 60 ||| Stepping ~*~*~tactically~*~*~ (stealth).
   195 | D:1      | 195 ||| Stepping ~*~*~tactically~*~*~ (stealth).
   267 | D:1      | Reached skill level 3 in Axes
   267 | D:1      | Reached XP level 2. HP: 12/17 MP: 6/6
   476 | D:1      | 476 ||| Stepping ~*~*~tactically~*~*~ (stealth).
   478 | D:1      | 478 ||| Stepping ~*~*~tactically~*~*~ (stealth).
   777 | D:1      | Reached XP level 3. HP: 21/21 MP: 7/7
   916 | D:1      | 916 ||| UPGRADING to +0 pair of gloves.
   921 | D:1      | 921 ||| UPGRADING to +0 ring mail.
   931 | D:1      | 931 ||| DROPPING +0 leather armour.
   932 | D:1      | 932 ||| UPGRADING to ring of positive energy.
   933 | D:1      | 933 ||| UPGRADING to ring of protection from fire.
   934 | D:1      | 934 ||| READING scroll labelled ACAYBL BIRO.
   935 | D:1      | 935 ||| DRINKING 4 golden potions.
   979 | D:1      | 979 ||| DROPPING scroll of blinking.
   980 | D:1      | 980 ||| DROPPING 3 potions of lignification.
  1025 | D:2      | Found a faded altar of an unknown god.
  1196 | D:2      | 1196 ||| Stepping ~*~*~tactically~*~*~ (hiding).
  1206 | D:2      | Reached skill level 4 in Axes
  1361 | D:2      | Noticed Sigmund
  1372 | D:2      | HP: 5/21 [something/magic dart (5)]
  1373 | D:2      | Killed Sigmund
  1374 | D:2      | Reached skill level 6 in Axes
  1374 | D:2      | Reached XP level 4. HP: 6/26 MP: 8/8
  1374 | D:2      | Gained mutation: Your magical nature lets you fly swiftly
                  | and evasively. [Tengu growth]
  1374 | D:2      | Reached XP level 5. HP: 7/30 MP: 9/9
  1636 | D:2      | 1636 ||| Stepping ~*~*~tactically~*~*~ (stealth).
  1802 | D:2      | Reached XP level 6. HP: 35/35 MP: 10/10
  2102 | D:2      | 2102 ||| UPGRADING to ring of protection from fire.
  2104 | D:2      | 2104 ||| READING scroll labelled DENEYWNIRUTH.
  2105 | D:2      | 2105 ||| READING scroll labelled TAIJOU VUCITOA.
  2106 | D:2      | 2106 ||| Stepping randomly (stuck).
  2107 | D:2      | 2107 ||| Stepping ~*~*~tactically~*~*~ (cloud).
  2315 | D:3      | Noticed Natasha
  2321 | D:3      | Killed Natasha
  2334 | D:3      | Noticed Natasha
  2335 | D:3      | 2335 ||| Stepping ~*~*~tactically~*~*~ (stealth).
  2337 | D:3      | 2337 ||| Stepping ~*~*~tactically~*~*~ (hiding).
  2338 | D:3      | 2338 ||| Stepping ~*~*~tactically~*~*~ (hiding).
  2339 | D:3      | 2339 ||| Stepping ~*~*~tactically~*~*~ (hiding).
  2344 | D:3      | Killed Natasha
  2345 | D:3      | Reached skill level 7 in Axes
  2516 | D:3      | Found a stormy altar of Qazlal.
  3022 | D:3      | 3022 ||| Stepping ~*~*~tactically~*~*~ (stealth).
  3024 | D:3      | 3024 ||| Stepping ~*~*~tactically~*~*~ (stealth).
  3026 | D:3      | 3026 ||| Stepping ~*~*~tactically~*~*~ (stealth).
  3027 | D:3      | 3027 ||| Stepping ~*~*~tactically~*~*~ (stealth).
  3034 | D:3      | Noticed Natasha
  3035 | D:3      | 3035 ||| Stepping ~*~*~tactically~*~*~ (stealth).
  3063 | D:3      | Killed Natasha
  3285 | D:3      | 3285 ||| UPGRADING to +3 chain mail.
  3295 | D:3      | 3295 ||| DROPPING +0 ring mail.
  3296 | D:3      | 3296 ||| READING 2 scrolls labelled PYODWE PAFOCU.
  3299 | D:3      | 3299 ||| READING 2 scrolls labelled VIQARO EMIAL.
  3300 | D:3      | 3300 ||| DRINKING 2 sedimented dark potions.
  3301 | D:3      | 3301 ||| DRINKING 2 fizzy white potions.
  3302 | D:3      | 3302 ||| DROPPING potion of flight.
  3303 | D:3      | 3303 ||| DROPPING potion of invisibility.
  3343 | D:4      | 3343 ||| STAIRDANCE
  3463 | D:4      | 3463 ||| Stepping ~*~*~tactically~*~*~ (stealth).
  3465 | D:4      | 3465 ||| Stepping ~*~*~tactically~*~*~ (stealth).
  3478 | D:4      | HP: 9/36 [orc/+0 dagger (1)]
  3479 | D:4      | 3479 ||| READING scroll of teleportation.
  3485 | D:4      | HP: 2/36 [iguana (6)]
  3486 | D:4      | Mangled by an iguana

Levels and vault maps discovered:
D:1:      dpeg_arrival_ternary, layout_loops_cross
D:2:      layout_basic, nicolae_ecumenical_oubliette, uniq_sigmund
D:3:      layout_loops_ring, mainiacjoe_overflow_catwalk, lemuel_flame_loot_1,
          uniq_natasha
D:4:      layout_cave_pools, mainiacjoe_overflow_chevrons, lemuel_doored_altar,
          regret_index_temple_of_mockery, gammafunk_ghost_cemetery,
          serial_bayou_pond_a, grunt_ministairs_12, kennysheep_crisscross

Skill      XL: |  1  2  3  4  5  6 |
---------------+-------------------+-----
Axes           | 3 6 7 |  7.0
Armour         | 2 |  2.0
Fighting       | |  2.5
Throwing       | |  1.0
Dodging        | |  2.1
Spellcasting   | |  2.0
Translocations | |  2.4

Action                   |  1- 3 |  4- 6 || total
-------------------------+-------+-------++-------
Melee: Hand axe          |    58 |    66 ||   124
       Peck              |     8 |    10 ||    18
       Kick              |    12 |    20 ||    32
Throw: Boomerang         |     7 |       ||     7
       Javelin           |     6 |    19 ||    25
  Use: Scroll            |     1 |     5 ||     6
       Potion            |     1 |     2 ||     3
Armor: Leather armour    |     6 |       ||     6
       Ring mail         |     9 |    11 ||    20
       Chain mail        |       |    13 ||    13
Dodge: Dodged            |    15 |    23 ||    38

Table legend:
 A = Non-vault XP
 B = Vault XP
 C = Vault XP percentage of total XP
 D = Non-vault monster count
 E = Vault monster count
 F = Vault count percentage of total count
                 A         B        C        D         E       F
            +---------+---------+-------+---------+---------+-------
      Total |     245 |     266 |  52.1 |      50 |       2 |   3.8
            +---------+---------+-------+---------+---------+-------
        D:1 |      38 |       0 |   0.0 |      23 |       0 |   0.0
        D:2 |      58 |     231 |  79.9 |       9 |       1 |  10.0
        D:3 |     101 |      35 |  25.7 |      11 |       1 |   8.3
        D:4 |      48 |       0 |   0.0 |       7 |       0 |   0.0
            +---------+---------+-------+---------+---------+-------
